 Dungeon Crawl Stone Soup version 0.30.1-3-gfc49f6343a (webtiles) character file.

Game seed: 13934773151823485187

133 safid the Chiller (level 5, 0/39 HPs)
             Began as a Merfolk Ice Elementalist on Aug 3, 2023.
             Killed by divine providence
             ... invoked by an orc priest
              (10 damage)
             ... on level 3 of the Dungeon on Aug 4, 2023.
             The game lasted 00:04:11 (2263 turns).

safid the Chiller (Merfolk Ice Elementalist)        Turns: 2263, Time: 00:04:11

Health: 0/39       AC:  8    Str:  8    XL:     5   Next: 16%
Magic:  4/9        EV: 12    Int: 16    God:
Gold:   103        SH:  0    Dex: 15    Spells: 3/10 levels left

rFire   . . .        h - +0 dagger
rCold   . . .        (no shield)
rNeg    . . .        a - +0 robe
rPois   .            (no helmet)
rElec   .            (no cloak)
rCorr   .            (no gloves)
SInv    .            (no boots)
Will    .....        q - amulet of regeneration
Stlth   ++           (no ring)
HPRegen 1.06/turn    (no ring)
MPRegen 0.11/turn

%: no passive effects
@: ice-armoured
A: (nimble swimmer 2), mertail
a: no special abilities


You were on level 3 of the Dungeon.
You visited 1 branch of the dungeon, and saw 3 of its levels.

You collected 103 gold pieces.

Inventory:

Hand Weapons
 h - a +0 dagger (weapon)
Armour
 a - a +0 robe (worn)
Jewellery
 q - an amulet of regeneration (around neck)
Wands
 j - a wand of polymorph (10)
Scrolls
 c - 2 scrolls of enchant armour {unknown}
 d - 3 scrolls of identify {unknown}
 e - a scroll of teleportation {unknown}
 g - a scroll of blinking {unknown}
 k - a scroll of torment {unknown}
 o - a scroll of amnesia {unknown}
 p - a scroll of butterflies {unknown}
 r - a scroll of noise {unknown}
Potions
 f - 3 potions of mutation {unknown}
 i - a potion of haste {unknown}
 l - a potion of attraction {unknown}
 m - a potion of degeneration {unknown}
 n - a potion of heal wounds {unknown}


   Skills:
 + Level 2.6 Fighting
 - Level 2.6 Dodging
 - Level 2.1 Stealth
 + Level 3.2 Spellcasting
 + Level 5.3 Ice Magic


You had 3 spell levels left.
You knew the following spells:

 Your Spells              Type           Power      Damage    Failure   Level
a - Freeze                Ice            76%        1d8       1%          1
b - Frozen Ramparts       Ice            38%        1d6       6%          3
c - Ozocubu's Armour      Ice            19%        N/A       6%          3

Your spell library contained the following spells:

 Spells                   Type           Power      Damage    Failure   Level
 Ensorcelled Hibernation  Hex/Ice        22%        N/A       10%         2
 Sting                    Tmut/Pois      8%         1d3       19%         1
 Hailstorm                Conj/Ice       11%        3d5       19%         3
 Passwall                 Tmut/Erth      1%         N/A       28%         2
 Poisonous Vapours        Pois/Air       4%         N/A       28%         2
 Swiftness                Air            2%         N/A       50%         3
 Summon Ice Beast         Ice/Summ       11%        N/A       52%         4
 Leda's Liquefaction      Hex/Erth       1%         N/A       88%         4
 Olgreb's Toxic Radiance  Pois           2%         N/A       88%         4
 Lee's Rapid Deconstruct  Erth           1%         3d4*      99%         5
 Statue Form              Tmut/Erth      1%         N/A       100%        6


Dungeon Overview and Level Annotations

Branches:
Dungeon (3/15)

Altars:

Shops:
D:3 =*[


Innate Abilities, Weirdness & Mutations

((You are very nimble when in or above water. (Stealth+, EV+, Speed+++)))
Your lower body shifts to a powerful aquatic tail in water.


Message History

The wall freezes the orc priest.
Casting: Freeze (safe; 2% risk of failure)
Confirm with . or Enter, or press ? or * to list all spells.
Aiming: Freeze (safe; 2% risk of failure)
Press: ? - help, Shift-Dir - straight line, f/p - orc priest
Aim: an orc priest, wielding a +0 whip and wearing a +0 ring mail (almost dead)
You freeze the orc priest.
You kill the orc priest!
The wall freezes the orc priest.
The orc priest invokes the aid of Beogh against you.
Beogh smites you!
* * * LOW HITPOINT WARNING * * *
You have reached level 5!
You feel agile.
Unknown command.
Unknown command.
Unknown command.
Unknown command.
The frozen ramparts melt away.
Casting: Freeze (safe; 1% risk of failure)
Confirm with . or Enter, or press ? or * to list all spells.
Aiming: Freeze (safe; 1% risk of failure)
Press: ? - help, Shift-Dir - straight line, f - orc priest
Aim: an orc priest, wielding a +0 hand axe (moderately wounded)
You freeze the orc priest.
The orc priest is heavily wounded.
The orc priest calls down the wrath of Beogh upon you.
Pain shoots through your body!
* * * LOW HITPOINT WARNING * * *
Unknown command.
Casting: Freeze (safe; 1% risk of failure)
Confirm with . or Enter, or press ? or * to list all spells.
Aiming: Freeze (safe; 1% risk of failure)
Press: ? - help, Shift-Dir - straight line, f/p - orc priest
Aim: an orc priest, wielding a +0 hand axe (heavily wounded)
You freeze the orc priest.
The orc priest is almost dead.
The orc priest invokes the aid of Beogh against you.
Beogh smites you!
You die...

###.##.# ##..#.[...
....##.# #...# ....
######)# #...# )[.
#.# ##†.## .. #..
#...# . ##. #..## .#
###..# ## #....# .##
#....#@.# ...(
#######.####o## ..
#####....<..# ... #.
###.## #.....#######
$8.8$ ##.##.....
.....## #..$:.#
##..#...#.. ..##.##
#.8.8.# ##...#.<...<
####..# ###$_.##
#....#..._.. ##
##.####
#.########....#.#...#
.####....##
#......#.. #......<..


You could see an orc priest.

Vanquished Creatures
  2 orc priests (D:3)
  2 adders
  2 worms
  2 dart slugs
  An orc (D:3)
  4 endoplasms
  2 giant cockroaches (D:3)
  7 goblins
  4 hobgoblins
  2 quokkas
  3 ball pythons
  6 bats
  2 frilled lizards (D:2)
  3 kobolds
  4 rats
46 creatures vanquished.

Notes
Turn   | Place    | Note
-------+----------+-------------------------------------------
     0 | D:1      | safid the Merfolk Ice Elementalist began the quest for the
                  | Orb.
     0 | D:1      | Reached XP level 1. HP: 13/13 MP: 3/3
   263 | D:1      | Reached XP level 2. HP: 16/20 MP: 1/5
   474 | D:1      | Reached skill level 1 in Fighting
  1034 | D:2      | Reached XP level 3. HP: 24/26 MP: 2/6
  1850 | D:3      | Found a faded altar of an unknown god.
  1877 | D:3      | Reached skill level 5 in Ice Magic
  1877 | D:3      | Reached XP level 4. HP: 25/33 MP: 1/8
  1881 | D:3      | Learned a level 3 spell: Frozen Ramparts
  1885 | D:3      | Learned a level 3 spell: Ozocubu's Armour
  2009 | D:3      | Found Raetta Gool's Jewellery Emporium.
  2103 | D:3      | Found Komu Ete's Assorted Antiques.
  2103 | D:3      | Found Pukue's Antique Armour Shop.
  2261 | D:3      | Reached XP level 5. HP: 8/39 MP: 5/9
  2263 | D:3      | Killed from afar by an orc priest

Illustrated notes

Levels and vault maps discovered:
D:1:      dpeg_arrival_rooms_a, layout_loops_ring
D:2:      layout_loops_ring
D:3:      layout_rooms, nicolae_ecumenical_pavilion, serial_shops,
          nicolae_shop_overgrown_old_shop, shop, shop, nicolae_shop_waterfront,
          kennysheep_orc_chapel

Skill      XL: |  1  2  3  4 |
---------------+-------------+-----
Fighting       | 1 2 |  2.6
Ice Magic      | 5 |  5.3
Spellcasting   | 3 |  3.2
Dodging        | |  2.6
Stealth        | |  2.1

Action                     |  1- 3 |  4- 6 || total
---------------------------+-------+-------++-------
  Melee: Unarmed           |    34 |       ||    34
         Dagger            |    43 |    12 ||    55
   Cast: Freeze            |    45 |    20 ||    65
         Frozen Ramparts   |       |     2 ||     2
         Ozocubu's Armour  |       |     1 ||     1
    Use: Potion            |       |     1 ||     1
   Stab: Sleeping          |     2 |       ||     2
 Armour: Robe              |    37 |     8 ||    45
  Dodge: Dodged            |    86 |    11 ||    97
